 Dungeon Crawl Stone Soup version 0.28-a0-1130-gc51a68064b (webtiles) character file.

Game seed: 3110861073325597442

43 ducksouse the Skirmisher (level 3, 0/33 HPs)
             Began as a Minotaur Fighter on Dec 12, 2021.
             Was a Follower of Qazlal.
             Succumbed to a kobold's poison
             ... on level 2 of the Dungeon.
             The game lasted 00:02:06 (1097 turns).

ducksouse the Skirmisher (Minotaur Fighter)         Turns: 1097, Time: 00:02:07

Health: 0/33       AC:  7    Str: 22    XL:     3   Next: 37%
Magic:  2/2        EV:  9    Int:  5    God:    Qazlal [*.....]
Gold:   47         SH:  6    Dex:  9    Spells: 2/2 levels left

rFire   . . .      SeeInvis .   f - +2 dagger (freeze)
rCold   . . .      Faith    .   c - +0 buckler
rNeg    . . .      Spirit   .   b - +0 scale mail
rPois   .          Reflect  .   (helmet restricted)
rElec   .          Harm     .   (no cloak)
rCorr   .          Rampage  .   (no gloves)
Will    .....                   (no boots)
Stlth   ..........              (no amulet)
HPRegen 0.11/turn               (no ring)
MPRegen 0.08/turn               (no ring)

@: lethally poisoned (0 -> -23), attractive
A: horns 2, retaliatory headbutt
a: Renounce Religion


You were on level 2 of the Dungeon.
You worshipped Qazlal.
Qazlal was aware of your devotion.
You visited 1 branch of the dungeon, and saw 2 of its levels.

You collected 47 gold pieces.

Inventory:

Hand Weapons
 a - a +0 long sword
 f - a +2 dagger of freezing (weapon)
Armour
 b - a +0 scale mail (worn)
 c - a +0 buckler (worn)
Jewellery
 l - a ring of see invisible
Scrolls
 e - a scroll of amnesia {unknown}
 g - 2 scrolls of blinking {unknown}
 i - a scroll of fear {unknown}
 m - a scroll of identify {unknown}
 n - a scroll of teleportation {unknown}
Potions
 d - a potion of might
 h - a potion of magic {unknown}
 j - a potion of curing {unknown}


   Skills:
 + Level 4.1 Fighting
 + Level 3.1 Long Blades
 + Level 4.1 Armour
 + Level 4.1 Shields


You had 2 spell levels left.
You didn't know any spells.
Your spell library was empty.

Dungeon Overview and Level Annotations

Branches:
Dungeon (2/15)

Altars:
Qazlal


Innate Abilities, Weirdness & Mutations

You have a pair of horns on your head.
You reflexively headbutt those who attack you in melee.


Message History

You kill the endoplasm!
Qazlal accepts your kill.
You feel sick.
The kobold hits you with a +0 dagger of venom.
You are more poisoned.
You block the hobgoblin's attack.
You hit the hobgoblin. You freeze the hobgoblin.
Your headbutt misses the hobgoblin.
The hobgoblin is moderately wounded.
You feel very sick. The kobold closely misses you.
The hobgoblin barely misses you. You furiously retaliate!
You headbutt the hobgoblin!
You kill the hobgoblin!
Qazlal accepts your kill.
You closely miss the kobold.
You feel very sick.
The kobold hits you with a +0 dagger of venom.
You are too injured to fight recklessly!
You are too injured to fight recklessly!
Unknown command.
You are too injured to fight recklessly!
You are too injured to fight recklessly!
You are too injured to fight recklessly!
A kobold is nearby!
You are too injured to fight recklessly!
You are too injured to fight recklessly!
You completely miss the kobold.
You feel sick. You block the kobold's attack.
You hit the kobold but do no damage. Your headbutt misses the kobold.
* * * LOW HITPOINT WARNING * * *
You feel sick. The kobold hits you but does no damage.
You are lethally poisoned!
You hit the kobold. You freeze the kobold. Your headbutt misses the kobold.
The kobold is severely wounded.
* * * LOW HITPOINT WARNING * * *
You feel very sick. The kobold hits you but does no damage.
You are more poisoned.
It was a potion of attraction.
You feel attractive to monsters.
You die...

#######.....
#...........
#.........#
#.........#
#.....)...#
####.........###
............>..#
#..§@K....#
#.........#
#.........#
##......†..# #
....####.####.#
#........####.#
##.#####.......#
....# ##......#.
##..# #........


You could see a kobold.

Vanquished Creatures
  An adder (D:2)
  An orc (D:2)
  4 endoplasms
  A giant cockroach (D:2)
  4 goblins
  3 hobgoblins
  4 quokkas
  3 ball pythons (D:1)
  3 bats (D:1)
  3 frilled lizards
  A kobold (D:1)
  2 rats (D:1)
30 creatures vanquished.

Notes
Turn   | Place    | Note
-------+----------+-------------------------------------------
     0 | D:1      | ducksouse the Minotaur Fighter began the quest for the Orb.
     0 | D:1      | Reached XP level 1. HP: 19/19 MP: 0/0
   223 | D:1      | Reached XP level 2. HP: 27/27 MP: 1/1
   896 | D:1      | Found a faded altar of an unknown god.
   965 | D:1      | Prayed at the altar of an unknown god.
   965 | D:1      | Became a worshipper of Qazlal Stormbringer
   965 | D:1      | Reached * piety under Qazlal
  1019 | D:2      | Reached XP level 3. HP: 33/33 MP: 2/2
  1097 | D:2      | Succumbed to a kobold's poison

Illustrated notes

Levels and vault maps discovered:
D:1:      shiori_shiawase, layout_basic, nicolae_ecumenical_lake_church,
          minmay_tromino_i2
D:2:      layout_rooms, basic_altar

Skill      XL: |  1  2 |
---------------+-------+-----
Fighting       | 4 |  4.1
Shields        | 4 |  4.1
Armour         | 4 |  4.1
Long Blades    | 3 |  3.1

Action                   || total
-------------------------++-------
Melee: Long sword        ||    23
       Headbutt          ||     4
       Dagger            ||    44
  Use: Potion            ||     1
Armor: Scale mail        ||    30
Dodge: Dodged            ||    35
Block: Buckler           ||    11

Table legend: (Time is in decaauts)
 A = Elapsed time spent in this place.
 B = Non-inter-level travel time spent in this place.
 C = Inter-level travel time spent in this place.
 D = Time resting spent in this place.
 E = Time spent auto-exploring this place.
 F = Levels seen in this place.
 G = Mean time per level.
                   A        B        C        D        E       F      G
               +--------+--------+--------+--------+--------+-----+--------+
         Total |   1101 |   1101 |      0 |      0 |    883 |   2 |  550.5 |
       Dungeon |   1101 |   1101 |      0 |      0 |    883 |   2 |  550.5 |
               +--------+--------+--------+--------+--------+-----+--------+

Top non-repeatable levels by time:
     D:1: 986 daAuts
     D:2: 115 daAuts
